 Dungeon Crawl Stone Soup version 0.25.1-2-g60ff931df9 (webtiles) character file.

Game seed: 10457699110121124330

3574 hawla the Destroyer (level 9, -2/64 HPs)
             Began as a Black Draconian Conjurer on Nov 26, 2020.
             Slain by a two-headed ogre
             ... wielding a +0 giant spiked club
              (25 damage)
             ... on level 8 of the Dungeon.
             The game lasted 00:32:16 (11328 turns).

hawla the Destroyer (Black Draconian Conjurer)     Turns: 11328, Time: 00:32:16

Health: -2/64      AC: 11    Str: 11    XL:     9   Next: 84%
Magic:  7/21       EV: 12    Int: 19    God:
Gold:   122        SH:  0    Dex: 11    Spells: 9/24 levels left

rFire    . . .     SeeInvis .   m - staff of cold
rCold    + . .     Gourm    .   (no shield)
rNeg     . . .     Faith    .   (armour unavailable)
rPois    .         Spirit   .   (helmet restricted)
rElec    +         Reflect  .   k - +0 cloak
rCorr    .         Harm     .   c - +1 pair of gloves
MR       .....                  y - +0 pair of boots
Stlth    ++........             (no amulet)
HPRegen  0.20/turn              (no ring)
MPRegen  0.17/turn              (no ring)

@: no status effects
A: breathe lightning, unfitting armour, electricity resistance, cold-blooded, AC
+7
a: Breathe Lightning


You were on level 8 of the Dungeon.
You were hungry.

You visited 2 branches of the dungeon, and saw 9 of its levels.
You also visited: Ossuary.

You collected 686 gold pieces.
You spent 564 gold pieces at shops.

Inventory:

Missiles
 d - 4 boomerangs
 g - 5 curare-tipped darts (quivered)
 l - 6 poisoned darts
Armour
 c - a +1 pair of gloves (worn)
 k - a +0 cloak (worn)
 y - a +0 pair of boots (worn)
Magical Staves
 m - an uncursed staff of cold (weapon)
Wands
 p - a wand of iceblast (14)
 s - a wand of random effects (22)
Scrolls
 a - 5 scrolls of teleportation
 h - a scroll of enchant weapon
 i - 2 scrolls of enchant armour
 o - 2 scrolls of remove curse
 q - a scroll of magic mapping {unknown}
 r - a scroll of amnesia
 A - a scroll of identify
Potions
 e - 4 potions of curing
 f - 2 potions of cancellation
 j - 2 potions of brilliance
 n - a potion of resistance
 t - a potion of stabbing
 u - a potion of mutation {unknown}
 v - a potion of heal wounds {unknown}
 x - a potion of berserk rage {unknown}
 z - a potion of degeneration {unknown}
 B - 2 potions of lignification {unknown}
Miscellaneous
 w - a tin of tremorstones (3/3)
Comestibles
 b - 14 rations


   Skills:
 + Level 1.3 Fighting
 + Level 0.8 Staves
 + Level 2.5 Dodging
 + Level 2.7 Stealth
 + Level 8.1 Spellcasting
 + Level 8.3 Conjurations
 + Level 7.7 Translocations


You had 9 spell levels left.
You knew the following spells:

 Your Spells              Type           Power        Failure   Level  Hunger
a - Magic Dart            Conj           ####         1%          1    None
b - Searing Ray           Conj           #####.       1%          2    None
c - Iskenderun's Mystic   Conj/Tloc      #####...     3%          4    ###....
d - Blink                 Tloc           N/A          1%          2    None
e - Lesser Beckoning      Tloc           #####.....   1%          3    None
f - Teleport Other        Tloc           #####...     1%          3    None

Your spell library contained the following spells:

 Spells                   Type           Power        Failure   Level  Hunger
 Gell's Gravitas          Tloc           #####.....   1%          3    None
 Shroud of Golubria       Chrm/Tloc      ###...       2%          2    None
 Passage of Golubria      Tloc           N/A          3%          4    ###....
 Dazzling Flash           Conj/Hex       ###...       4%          3    None
 Fulminant Prism          Conj/Hex       ###.......   16%         4    ###....


Dungeon Overview and Level Annotations

Branches:
Dungeon (8/15)             Temple (1/1) D:4            Lair (0/6) D:8
Ossuary (visited)

Altars:
Ashenzari
Cheibriados
Fedhas
Gozag
Hepliaklqana
Kikubaaqudgha
Makhleb
Nemelex Xobeh
Okawaru
Qazlal
Ru
Sif Muna
Trog
Uskayaw
Vehumet
Wu Jian
Xom
Yredelemnul
Zin
The Shining One

Shops:
D:8 *

Annotations:
D:3 1 runed translucent door, Kiva's ghost, weakling HuNe
D:5 1 runed translucent door, Snicker's ghost, novice SpEn
D:7 Harold


Innate Abilities, Weirdness & Mutations

You can breathe wild blasts of lightning.
Your glossy black scales are hard. (AC +7)
You cannot fit into any form of body armour.
You are resistant to electric shocks. (rElec)
You are cold-blooded and may be slowed by cold attacks.


Message History

The mystic blast hits the two-headed ogre.
The two-headed ogre is heavily wounded.
The two-headed ogre is knocked back by the mystic blast.
The two-headed ogre slams into the rock wall!
You are feeling hungry.
Casting: Iskenderun's Mystic Blast (dangerous; 3% risk of failure)
Confirm with . or Enter, or press ? or * to list all spells.
Aiming: Searing Ray (safe; 1% risk of failure)
Press: ? - help, Shift-Dir - straight line, f/p - two-headed ogre
Aim: a two-headed ogre, wielding two +0 giant spiked clubs (heavily wounded)
The searing ray hits the two-headed ogre!
The two-headed ogre is severely wounded. (Press . to maintain the ray.)
The two-headed ogre barely misses you. The two-headed ogre closely misses you.
The searing ray hits the two-headed ogre.
The two-headed ogre is almost dead.
The searing ray hits the two-headed ogre.
The two-headed ogre is almost dead.
The two-headed ogre hits you with a +0 giant spiked club!! x2
You die...

## #.
#O#####
#.@...#
..
#####.#
#. #.#
. #.#
#####
#.#
.....
#.#
#...
#.#
#...
#.#
#...
#.#####
#...


You could see a two-headed ogre.

Vanquished Creatures
  A porcupine (D:8)
  2 orc warriors
  2 black bears (D:8)
  An ice beast (D:6)
  A sky beast (D:8)
  4 phantoms
  2 centaurs (D:5)
  6 ogres
  A big kobold (D:5)
  A bullfrog (D:8)
  6 water moccasin zombies (Ossuary)
  3 scorpions
  7 wights (D:8)
  A crimson imp (D:7)
  A howler monkey (D:4)
  A bullfrog zombie (D:5)
  2 hounds
  2 orc wizards
  5 orc priests
  2 bullfrog skeletons (D:6)
  3 iguanas
  4 worker ants
  A big kobold zombie (Ossuary)
  A hound zombie (D:5)
  3 mummies
  A worker ant zombie (D:5)
  3 gnolls (D:4)
  17 adders
  2 oozes
  3 adder zombies (Ossuary)
  A worm (D:2)
  3 dart slugs
  6 leopard geckos
  16 orcs
  2 ball pythons
  6 bats
  7 giant cockroaches
  3 gnoll zombies (Ossuary)
  7 goblins
  10 hobgoblins
  6 jackals
  11 kobolds
  5 quokkas
  4 frilled lizards
  7 hobgoblin zombies (Ossuary)
  3 kobold zombies (Ossuary)
  A leopard gecko skeleton (D:4)
  7 orc zombies (Ossuary)
  11 rats
205 creatures vanquished.

Vanquished Creatures (others)
  A fungus (D:8)
1 creature vanquished.

Grand Total: 206 creatures vanquished

Notes
Turn   | Place    | Note
-------+----------+-------------------------------------------
     0 | D:1      | hawla the Draconian Conjurer began the quest for the Orb.
     0 | D:1      | Reached XP level 1. HP: 14/14 MP: 3/3
   255 | D:1      | Reached XP level 2. HP: 20/20 MP: 0/5
   997 | D:1      | Reached XP level 3. HP: 26/26 MP: 2/7
  1024 | D:1      | Learned a level 2 spell: Searing Ray
  1870 | D:2      | Reached XP level 4. HP: 33/33 MP: 4/9
  1876 | D:2      | Learned a level 4 spell: Iskenderun's Mystic Blast
  2405 | D:2      | Reached skill level 1 in Translocations
  3355 | D:3      | Reached XP level 5. HP: 38/38 MP: 4/10
  3468 | D:3      | Found a runed translucent door.
  3476 | D:3      | Noticed Kiva's ghost (weakling HuNe)
  4124 | D:4      | Noticed an ogre
  4128 | D:4      | Killed an ogre
  4128 | D:4      | Reached XP level 6. HP: 45/45 MP: 6/11
  4219 | D:4      | Found a glowing silver altar of Zin.
  4220 | D:4      | Found an ornate altar of the Wu Jian Council.
  4698 | D:4      | Reached skill level 5 in Translocations
  4976 | D:4      | Your scales start taking on a glossy black colour.
  4976 | D:4      | Reached XP level 7. HP: 50/50 MP: 7/13
  4976 | D:4      | Gained mutation: You are resistant to electric shocks.
                  | (rElec) [Black Draconian growth]
  5258 | D:4      | Reached skill level 5 in Conjurations
  5335 | D:4      | Found a staircase to the Ecumenical Temple.
  5344 | Temple   | Entered the Ecumenical Temple
  5595 | D:5      | Entered Level 5 of the Dungeon
  5611 | D:5      | Found a sand-covered staircase.
  5636 | Ossuary  | Entered an ossuary
  5907 | Ossuary  | Reached skill level 5 in Spellcasting
  6199 | Ossuary  | Reached XP level 8. HP: 33/57 MP: 3/15
  6733 | D:5      | Found a runed translucent door.
  6733 | D:5      | Noticed Snicker's ghost (novice SpEn)
  7411 | D:5      | Found a sparkling altar of Nemelex Xobeh.
  8289 | D:5      | Found a basalt altar of Yredelemnul.
  8772 | D:6      | Found a burning altar of Makhleb.
  8772 | D:6      | Noticed an Executioner
  8894 | D:6      | Reached XP level 9. HP: 62/62 MP: 12/18
  9168 | D:6      | Found a burning altar of Makhleb.
  9431 | D:7      | Noticed Harold
 10264 | D:8      | Found Ugahedgh's Assorted Antiques.
 10267 | D:8      | Bought a scroll labeled HAG LIUSHRIU for 24 gold pieces
 10267 | D:8      | Bought a scroll of amnesia for 84 gold pieces
 10267 | D:8      | Bought a long ivory wand for 96 gold pieces
 10267 | D:8      | Bought a thin metal-bound book for 360 gold pieces
 10270 | D:8      | Learned a level 2 spell: Blink
 10596 | D:8      | Found a staircase to the Lair.
 10604 | D:8      | Reached skill level 1 in Fighting
 10839 | D:8      | Learned a level 3 spell: Lesser Beckoning
 10843 | D:8      | Learned a level 3 spell: Teleport Other
 11321 | D:8      | Noticed a two-headed ogre
 11328 | D:8      | Slain by a two-headed ogre

Illustrated notes

Levels and vault maps discovered:
D:1:      ncdulo_smallfort, layout_basic
D:2:      layout_loops_ring, first_ration, minmay_pentomino_w2
D:3:      layout_basic, ebering_ghost_reflecting_pool, minivault_24
D:4:      minmay_polygon_palace, layout_basic, gammafunk_temple_overflow_statue,
          temple_hall
D:5:      minmay_general_purpose_star, layout_basic, lemuel_round_altar,
          lemuel_round_altar, gup_ossuary_entry_pyramid,
          ebering_ghost_reflecting_pool
D:6:      layout_rooms, lightli_temple_of_fire, makhleb_altar_promises_db
D:7:      layout_loops_ring, lemuel_doored_altar, grunt_livestock, uniq_harold
D:8:      layout_basic, grunt_lair_entry_orc_guard_hut, serial_shops,
          kennysheep_mini_moat
Temple:   regret_index_temple_generic_petals

Skill      XL: |  1  2  3  4  5  6  7  8  9 |
---------------+----------------------------+-----
Spellcasting   | 3 4 5 6 8 |  8.1
Translocations | 2 4 5 6 7 |  7.7
Conjurations   | 5 7 8 |  8.3
Stealth        | 2 |  2.7
Dodging        | 2 |  2.5
Fighting       | 1 |  1.3
Staves         | |  0.8

Action                   |  1- 3 |  4- 6 |  7- 9 || total
-------------------------+-------+-------+-------++-------
Melee: Unarmed           |    10 |       |       ||    10
       Club              |       |     5 |    15 ||    20
       Tailslap          |       |       |     7 ||     7
       Staff             |       |       |    14 ||    14
 Cast: Magic Dart        |    66 |    54 |   111 ||   231
       Searing Ray       |     9 |    37 |    83 ||   129
       Iskenderun's Myst |       |     1 |    18 ||    19
  Use: Scroll            |     2 |     7 |     5 ||    14
       Potion            |       |       |     4 ||     4
  Eat: Chunk             |     3 |    11 |    12 ||    26
       Ration            |       |       |     3 ||     3
Armor: Skin              |    12 |     4 |    47 ||    63
Dodge: Dodged            |    28 |    26 |    65 ||   119
